 Dungeon Crawl Stone Soup version 0.24.0-13-gcf9b319 (webtiles) character file.

Game seed: 12793398048294045111, levelgen mode: deterministic

2202 silenth the Cleaver (level 9, 0/72 HPs)
             Began as a Vampire Fighter on Mar 2, 2020.
             Was an Initiate of Ru.
             Slain by a gnoll
             ... wielding a +0 spear
              (1 damage)
             ... on level 6 of the Dungeon.
             The game lasted 00:05:18 (5053 turns).

silenth the Cleaver (Vampire Fighter)               Turns: 5053, Time: 00:05:18

Health: 0/72       AC: 13    Str: 18    XL:     9   Next: 12%
Magic:  9/9        EV:  4    Int:  5    God:    Ru [......]
Gold:   147        SH:  0    Dex: 14    Spells: 8/8 levels left

rFire    . . .     SeeInvis +   a - +1 war axe
rCold    . . .     Gourm    .   c - +1 shield
rNeg     . . .     Faith    .   i - +0 plate armour
rPois    .         Spirit   .   (no helmet)
rElec    .         Reflect  .   (no cloak)
rCorr    .         Harm     .   (no gloves)
MR       .....                  p - +1 pair of boots
Stlth    ..........             (no amulet)
HPRegen  0.42/turn              f - +3 ring of evasion
MPRegen  0.11/turn              j - -5 ring of intelligence (curse)

@: flying, held, regenerating quickly
A: no food, fangs 3, see invisible, unbreathing
a: Exsanguinate, Renounce Religion


You were on level 6 of the Dungeon.
You worshipped Ru.
Ru was noncommittal.
You were alive.

You visited 2 branches of the dungeon, and saw 7 of its levels.

You collected 147 gold pieces.

Inventory:

Hand Weapons
 a - a +1 war axe (weapon)
Armour
 b - a +0 scale mail
 c - a +1 shield (worn)
 i - a +0 plate armour (worn)
 p - a +1 pair of boots (worn)
Jewellery
 f - a +3 ring of evasion (left hand)
 j - a cursed -5 ring of intelligence (right hand)
 q - a cursed -3 ring of intelligence
Scrolls
 e - 2 scrolls of teleportation
 r - a scroll of magic mapping
Potions
 d - a potion of haste {unknown}
 g - a potion of agility
 h - 4 potions of mutation
 k - a potion of cancellation
 l - 2 potions of lignification {unknown}
 m - a potion of flight
 n - 2 potions of curing {unknown}
 o - a potion of brilliance {unknown}


   Skills:
 + Level 7.0 Fighting
 * Level 9.3 Axes
 - Level 2.4 Armour
 - Level 2.6 Shields


You had 8 spell levels left.
You didn't know any spells.
Your spell library was empty.

Dungeon Overview and Level Annotations

Branches:
Dungeon (6/15)             Temple (1/1) D:5

Altars:
Ashenzari
Cheibriados
Dithmenos
Elyvilon
Fedhas
Gozag
Hepliaklqana
Kikubaaqudgha
Makhleb
Nemelex Xobeh
Okawaru
Qazlal
Ru
Sif Muna
Trog
Uskayaw
Vehumet
Wu Jian
Xom
Yredelemnul
Zin
The Shining One

Shops:
D:5 :


Innate Abilities, Weirdness & Mutations

You do not eat.
Your natural rate of healing is unusually fast.
You have razor-sharp teeth.
You have supernaturally acute eyesight. (SInv)
You can survive without breathing.


Message History

You become entangled in the net!
You see here a throwing net.
You struggle against the net.
The gnoll hits you with a +0 whip.
* * * LOW HITPOINT WARNING * * *
The gnoll hits you from afar with a +0 spear.
* * * LOW HITPOINT WARNING * * *
Okay, then.
Okay, then.
It was a potion of flight.
You feel very buoyant.
You fly up into the air.
The gnoll hits you from afar with a +2 spear of freezing.
* * * LOW HITPOINT WARNING * * *
The gnoll freezes you.
* * * LOW HITPOINT WARNING * * *
The ogre hits you with a +0 giant club.
* * * LOW HITPOINT WARNING * * *
The gnoll hits you but does no damage. x2
The gnoll hits you from afar with a +0 spear.
You die...

########* * * ########## *
*#####........# * *.............#
# *.............# #
*.............#
###****.......gO.################
...,,,,[.......g@'.....>.........
###****.......gg.################
* *..........# # *........$.# #
*....%.....# #####**###+#######
....#*,,,,,,,,,,,*
....#*,,,,,,,,,,,*
....#*,,,,,,,,,,,*


You could see an ogre and 4 gnolls.

Vanquished Creatures
  Grinder (D:3)
  Duvessa (D:4)
  3 ice beasts
  2 centaurs
  A big kobold (D:5)
  Blork the orc (D:5)
  2 bullfrogs
  Dowan (D:4)
  A water moccasin zombie (D:5)
  3 scorpions
  A bullfrog zombie (D:5)
  3 crimson imps
  2 bullfrog skeletons
  3 hounds
  An orc priest (D:3)
  An orc wizard (D:3)
  Jessica (D:3)
  Natasha (thrice) (D:4)
  3 iguanas
  6 worker ants
  6 gnolls
  14 adders
  3 shadow imps
  An ooze (D:1)
  2 worms (D:2)
  5 dart slugs
  4 leopard geckos
  7 orcs
  2 giant cockroaches
  4 goblins
  6 hobgoblins
  12 jackals
  2 quokkas (D:5)
  3 ball pythons
  7 bats
  9 frilled lizards
  A jackal skeleton (D:4)
  12 kobolds
  5 rats
145 creatures vanquished.

Notes
Turn   | Place    | Note
-------+----------+-------------------------------------------
     0 | D:1      | silenth the Vampire Fighter began the quest for the Orb.
     0 | D:1      | Reached XP level 1. HP: 17/17 MP: 1/1
    57 | D:1      | Reached skill level 2 in Axes
    89 | D:1      | Reached XP level 2. HP: 23/23 MP: 2/2
   273 | D:1      | Reached skill level 3 in Fighting
   903 | D:2      | Reached XP level 3. HP: 9/29 MP: 3/3
   906 | D:2      | Reached skill level 3 in Axes
  1034 | D:2      | Noticed a bullfrog
  1043 | D:2      | Killed a bullfrog
  1043 | D:2      | Reached XP level 4. HP: 22/36 MP: 4/4
  1095 | D:2      | Found a burning altar of Makhleb.
  1105 | D:2      | Reached skill level 4 in Axes
  1105 | D:2      | Reached XP level 5. HP: 31/42 MP: 5/5
  1404 | D:2      | Reached skill level 4 in Fighting
  1794 | D:3      | Reached XP level 6. HP: 41/48 MP: 6/6
  2026 | D:3      | Reached skill level 5 in Axes
  2047 | D:3      | Noticed Jessica
  2050 | D:3      | Killed Jessica
  2315 | D:3      | Noticed Grinder
  2331 | D:3      | Killed Grinder
  2331 | D:3      | Reached XP level 7. HP: 17/55 MP: 7/7
  2813 | D:4      | Reached skill level 6 in Axes
  3099 | D:4      | Noticed Dowan
  3100 | D:4      | Noticed Duvessa
  3100 | D:4      | Noticed Natasha
  3108 | D:4      | Reached skill level 5 in Fighting
  3109 | D:4      | Killed Duvessa
  3111 | D:4      | Killed Natasha
  3112 | D:4      | Killed Dowan
  3144 | D:4      | Found a glowing golden altar of the Shining One.
  3226 | D:4      | Reached skill level 7 in Axes
  3231 | D:4      | Reached XP level 8. HP: 56/63 MP: 8/8
  3399 | D:4      | Noticed Natasha
  3404 | D:4      | Killed Natasha
  3624 | D:4      | Noticed Natasha
  3629 | D:4      | Killed Natasha
  3737 | D:5      | Entered Level 5 of the Dungeon
  3742 | D:5      | Noticed Blork the orc
  3748 | D:5      | Killed Blork the orc
  3748 | D:5      | Reached skill level 6 in Fighting
  3845 | D:5      | Found Jufallad's Book Shop.
  3846 | D:5      | Found a hide-covered altar of Uskayaw.
  3942 | D:5      | Reached skill level 8 in Axes
  3968 | D:5      | Found a staircase to the Ecumenical Temple.
  3990 | Temple   | Entered the Ecumenical Temple
  4165 | Temple   | Became a worshipper of Ru the Awakened
  4664 | D:6      | Reached skill level 9 in Axes
  4664 | D:6      | Reached XP level 9. HP: 59/71 MP: 9/9
  5036 | D:6      | Reached skill level 7 in Fighting
  5052 | D:6      | HP: 6/72 [gnoll/+0 spear (3)]
  5053 | D:6      | HP: 1/72 [ogre/+0 giant club (3)]
  5053 | D:6      | Slain by a gnoll

Levels and vault maps discovered:
D:1:      dpeg_arrival_three_same_balls, layout_basic
D:2:      layout_loops_ring, makhleb_heckhound_becter
D:3:      layout_loops_ring, kennysheep_generic_room_15, uniq_grinder,
          uniq_jessica
D:4:      layout_rooms, first_ration, minmay_misc_feat_pillars, tso_metal_star,
          uniq_duvessa, uniq_natasha
D:5:      layout_gridville, minmay_temple_entry_drinking_statues, basic_altar,
          serial_shops, shop, uniq_blork_the_orc
D:6:      layout_basic, grunt_decor_clamped
Temple:   kilobyte_greek_temple

Skill      XL: |  1  2  3  4  5  6  7  8  9 |
---------------+----------------------------+-----
Axes           | 2 3 4 5 7 9 |  9.3
Fighting       | 3 4 5 6 7 |  7.0
Armour         | |  2.4
Shields        | |  2.6

Action                   |  1- 3 |  4- 6 |  7- 9 || total
-------------------------+-------+-------+-------++-------
Melee: War axe           |   111 |   208 |   264 ||   583
       Bite              |     5 |    21 |    34 ||    60
  Use: Scroll            |       |     4 |     5 ||     9
       Potion            |       |     1 |     2 ||     3
Armor: Scale mail        |    51 |    83 |    19 ||   153
       Plate armour      |       |       |   100 ||   100
Dodge: Dodged            |    43 |    59 |    71 ||   173
Block: Shield            |    61 |    84 |   149 ||   294
